[Event "Lueneburg Open-A 2019"]
[Site "Lueneburg"]
[Date "2019.08.04"]
[Round "2.17"]
[White "Garner, Isaac"]
[Black "Colbow, Collin"]
[Result "1-0"]
[ECO "B72"]
[WhiteElo "1974"]
[BlackElo "2167"]
[Annotator "NA"]
[PlyCount "127"]
[EventDate "2019.08.03"]
[EventType "swiss"]
[EventCountry "GER"]
[SourceTitle "playchess.com"]
[Source "ChessBase"]
[SourceQuality "1"]
[TimeControl "40/5400+30:1800+30"]

1. e4 c5 2. Nf3 d6 3. d4 cxd4 4. Nxd4 Nf6 5. Nc3 g6 6. Be3 Bg7 7. Be2 O-O 8. Qd2 Nc6 9. O-O-O Ng4 10. Bxg4 Bxg4 11. f3 Be6 12. Kb1 Rc8 13. Nd5 Ne5 14. b3 Bd7 15. Bh6 Bxh6 16. Qxh6 e6 17. Ne3 f6 18. f4 Nf7 19. Qh4 f5 20. Qg3 fxe4 21. f5 exf5 22. Ndxf5 Bxf5 23. Nxf5 Qc7 24. c4 Rcd8 25. Rhe1 Rfe8 26. Ne3 Kg7 27. Nd5 Qc8 28. Qh4 g5 29. Qf2 Re6 30. Qf5 Rde8 31. Rf1 Rf8 32. Nf6 Rxf6 33. Qxf6+ Kg8 34. Qe7 Qe8 35. Qxe8 Rxe8 36. Rfe1 b5 37. Rd4 bxc4 38. bxc4 e3 39. Rd3 Re4 40. Rexe3 Rxc4 41. Re8+ Kg7 42. Re7 Kg6 43. Rxa7 Re4 44. Kc2 Re6 45. Ra6 Kf5 46. a4 Rh6 47. h3 g4 48. hxg4+ Kxg4 49. Rb6 Rh2 50. Rd2 Rh1 51. Rb1 Rh5 52. Rb5 Rh1 53. Rd4+ Kg3 54. Rb3+ Kh2 55. Rd2 Rf1 56. g4+ Kg1 57. Rd1 Ne5 58. Rxf1+ Kxf1 59. a5 Nc6 60. a6 Kg2 61. Rb6 Na7 62. Rb7 Nc6 63. a7 Nxa7 64. Rxa7 1-0

[Event "Lueneburg Open-A 2019"]
[Site "Lueneburg"]
[Date "2019.08.04"]
[Round "2.18"]
[White "Mueer, Sebastian"]
[Black "Ploder, Udo"]
[Result "1-0"]
[ECO "A43"]
[WhiteElo "2198"]
[BlackElo "1942"]
[Annotator "NA"]
[PlyCount "61"]
[EventDate "2019.08.03"]
[EventType "swiss"]
[EventCountry "GER"]
[SourceTitle "playchess.com"]
[Source "ChessBase"]
[SourceQuality "1"]
[TimeControl "40/5400+30:1800+30"]

1. d4 Nf6 2. Nf3 c5 3. d5 e6 4. Nc3 b5 5. Bg5 Qa5 6. Bxf6 gxf6 7. Qd2 Bg7 8. Ne4 Qxd2+ 9. Nfxd2 exd5 10. Nd6+ Ke7 11. Nxb5 Nc6 12. Nc7 Rb8 13. Nxd5+ Kd6 14. e4 f5 15. Nc4+ Ke6 16. Nc7+ Ke7 17. Nd5+ Ke6 18. O-O-O fxe4 19. f3 exf3 20. gxf3 f5 21. Bh3 Nd4 22. Nc7+ Kf6 23. c3 Bb7 24. cxd4 Bxf3 25. dxc5 Bxh1 26. Rxh1 Rhc8 27. Nd5+ Ke6 28. Nf4+ Ke7 29. Re1+ Kf8 30. Nd3 f4 31. Bxd7 1-0

[Event "Lueneburg Open-A 2019"]
[Site "Lueneburg"]
[Date "2019.08.04"]
[Round "2.19"]
[White "Ramme, Christoph"]
[Black "Joppien, Arne"]
[Result "1-0"]
[ECO "B14"]
[WhiteElo "2154"]
[BlackElo "1940"]
[Annotator "NA"]
[PlyCount "103"]
[EventDate "2019.08.03"]
[EventType "swiss"]
[EventCountry "GER"]
[SourceTitle "playchess.com"]
[Source "ChessBase"]
[SourceQuality "1"]
[TimeControl "40/5400+30:1800+30"]

1. e4 c6 2. d4 d5 3. exd5 cxd5 4. c4 e6 5. Nc3 Nf6 6. Nf3 Nc6 7. Bg5 Be7 8. c5 Ne4 9. Bxe7 Qxe7 10. Qc2 Nxc3 11. Qxc3 O-O 12. Bb5 Nb8 13. O-O a6 14. Bd3 Bd7 15. b4 Rc8 16. Qc2 g6 17. Qe2 Ba4 18. Rfe1 Nd7 19. Rac1 Re8 20. Bc2 Bxc2 21. Qxc2 f6 22. Qb3 Qf7 23. a4 e5 24. dxe5 Nxe5 25. Nxe5 fxe5 26. c6 bxc6 27. Rxc6 Rf8 28. Qb2 e4 29. h3 Qg7 30. Qd2 Qe5 31. Rd1 Rad8 32. Qd4 Qh5 33. Rxa6 Qe2 34. Ra7 Rf7 35. Rxf7 Kxf7 36. Rc1 Ke6 37. b5 Rd6 38. b6 Qa6 39. Rb1 Qb7 40. a5 Rd8 41. Qa4 Ra8 42. Qb5 h5 43. a6 Rxa6 44. Qxa6 Qxa6 45. b7 Qd3 46. b8=Q Kf5 47. Qb3 g5 48. Qxd3 exd3 49. Kf1 Ke4 50. Ke1 g4 51. hxg4 hxg4 52. Kd2 1-0

[Event "Lueneburg Open-A 2019"]
[Site "Lueneburg"]
[Date "2019.08.04"]
[Round "2.20"]
[White "Bargsten, Justus"]
[Black "Haas, Frank-Martin"]
[Result "1/2-1/2"]
[ECO "C12"]
[WhiteElo "1946"]
[BlackElo "2152"]
[Annotator "NA"]
[PlyCount "47"]
[EventDate "2019.08.03"]
[EventType "swiss"]
[EventCountry "GER"]
[SourceTitle "playchess.com"]
[Source "ChessBase"]
[SourceQuality "1"]
[TimeControl "40/5400+30:1800+30"]

1. e4 e6 2. d4 d5 3. Nc3 Nf6 4. Bg5 Bb4 5. e5 h6 6. Bc1 Ne4 7. Qg4 Kf8 8. Nge2 c5 9. a3 Ba5 10. dxc5 Nxc3 11. Nxc3 Bxc3+ 12. bxc3 Qc7 13. Be3 Qxe5 14. Qd4 Nc6 15. Qxe5 Nxe5 16. Bf4 f6 17. Be2 Bd7 18. Rb1 Bc6 19. Bxe5 fxe5 20. Bb5 Re8 21. Bxc6 bxc6 22. Rb7 Re7 23. Rb8+ Re8 24. Rb7 1/2-1/2

[Event "Lueneburg Open-A 2019"]
[Site "Lueneburg"]
[Date "2019.08.04"]
[Round "2.21"]
[White "Terhorst, Jochen"]
[Black "Meschke, Oliver"]
[Result "1-0"]
[ECO "A80"]
[WhiteElo "2144"]
[BlackElo "1900"]
[Annotator "NA"]
[PlyCount "67"]
[EventDate "2019.08.03"]
[EventType "swiss"]
[EventCountry "GER"]
[SourceTitle "playchess.com"]
[Source "ChessBase"]
[SourceQuality "1"]
[TimeControl "40/5400+30:1800+30"]

1. d4 f5 2. Bg5 Nf6 3. Bxf6 exf6 4. e3 d5 5. c4 Bb4+ 6. Nc3 c6 7. Qb3 Ba5 8. Nge2 dxc4 9. Qxc4 Qe7 10. Nf4 g5 11. Nh5 Be6 12. Ng7+ Kd7 13. Nxe6 Qxe6 14. d5 cxd5 15. O-O-O Bxc3 16. Rxd5+ Ke7 17. Qc5+ Kf7 18. Bc4 Kg6 19. bxc3 Na6 20. Qd4 Qe4 21. Bd3 Qxd4 22. Bxf5+ Kh6 23. exd4 Rad8 24. Rb5 b6 25. h4 Nc7 26. Rb3 Nd5 27. g3 Rd6 28. Kd2 Ne7 29. Bd3 Kg7 30. Re1 Rd7 31. hxg5 fxg5 32. Rb5 h6 33. Rbe5 Nd5 34. Rh1 1-0

[Event "Lueneburg Open-A 2019"]
[Site "Lueneburg"]
[Date "2019.08.04"]
[Round "2.22"]
[White "Koch, Ralf-Johannes"]
[Black "Ishak, Rashid"]
[Result "0-1"]
[ECO "C54"]
[WhiteElo "1724"]
[BlackElo "2141"]
[Annotator "NA"]
[PlyCount "106"]
[EventDate "2019.08.03"]
[EventType "swiss"]
[EventCountry "GER"]
[SourceTitle "playchess.com"]
[Source "ChessBase"]
[SourceQuality "1"]
[TimeControl "40/5400+30:1800+30"]

1. e4 e5 2. Nf3 Nc6 3. Bc4 Nf6 4. d3 Bc5 5. c3 d6 6. Nbd2 O-O 7. h3 Bb6 8. Bb3 Be6 9. Nf1 d5 10. Ng3 h6 11. O-O Qd6 12. Qe2 Rfe8 13. Nh4 dxe4 14. dxe4 Bxb3 15. axb3 Rad8 16. Qf3 Ne7 17. Nhf5 Nxf5 18. Nxf5 Qd3 19. Be3 Qxe4 20. Qxe4 Nxe4 21. Bxb6 axb6 22. Ra7 Rb8 23. Rd1 Nf6 24. Kf1 Kf8 25. Ke2 h5 26. Ne3 g6 27. b4 Ke7 28. Nd5+ Nxd5 29. Rxd5 Ke6 30. Rd2 Re7 31. b3 Rd7 32. Rxd7 Kxd7 33. f3 f5 34. Ke3 Re8 35. Ra2 Rd8 36. g4 hxg4 37. hxg4 Rh8 38. gxf5 gxf5 39. Rg2 Rh3 40. Rg7+ Kd6 41. Rg6+ Ke7 42. Rg7+ Kf6 43. Rxc7 e4 44. Rxb7 Rxf3+ 45. Ke2 Rxc3 46. Rxb6+ Kg5 47. Rb8 Kf4 48. b5 Rxb3 49. b6 Rb2+ 50. Kd1 e3 51. b7 e2+ 52. Ke1 Kf3 53. Re8 Rxb7 0-1

[Event "Lueneburg Open-A 2019"]
[Site "Lueneburg"]
[Date "2019.08.04"]
[Round "2.23"]
[White "Gerdau, Niklas"]
[Black "Wronn, Bernd"]
[Result "0-1"]
[ECO "B13"]
[WhiteElo "1704"]
[BlackElo "2128"]
[Annotator "NA"]
[PlyCount "63"]
[EventDate "2019.08.03"]
[EventType "swiss"]
[EventCountry "GER"]
[SourceTitle "playchess.com"]
[Source "ChessBase"]
[SourceQuality "1"]
[TimeControl "40/5400+30:1800+30"]

1. e4 c6 2. d4 d5 3. exd5 cxd5 4. Bd3 Nc6 5. c3 Nf6 6. Bf4 Bg4 7. Qb3 Qd7 8. Nd2 e6 9. Ngf3 Bxf3 10. Nxf3 Bd6 11. Ne5 Qc7 12. O-O Nh5 13. Bd2 Nxe5 14. dxe5 Bxe5 15. Rae1 O-O 16. g3 Nf6 17. Re2 Bd6 18. f4 g6 19. Be3 Nd7 20. Qd1 Nc5 21. Bc2 Ne4 22. Bd4 f5 23. Rg2 b5 24. Qc1 h5 25. g4 hxg4 26. h3 g3 27. Bxe4 dxe4 28. Rxg3 Kf7 29. Qe3 Rg8 30. Rf2 g5 31. Rxg5 Bxf4 32. Rxg8 0-1

[Event "Lueneburg Open-A 2019"]
[Site "Lueneburg"]
[Date "2019.08.04"]
[Round "2.24"]
[White "Raedisch, Peter"]
[Black "Rick, Uwe"]
[Result "0-1"]
[ECO "B14"]
[WhiteElo "1595"]
[BlackElo "2113"]
[Annotator "NA"]
[PlyCount "90"]
[EventDate "2019.08.03"]
[EventType "swiss"]
[EventCountry "GER"]
[SourceTitle "playchess.com"]
[Source "ChessBase"]
[SourceQuality "1"]
[TimeControl "40/5400+30:1800+30"]

1. e4 d5 2. exd5 Nf6 3. c4 c6 4. Nc3 cxd5 5. d4 e6 6. c5 b6 7. Bb5+ Bd7 8. b4 Ne4 9. Bxd7+ Qxd7 10. Nxe4 dxe4 11. Nh3 Nc6 12. Be3 Nxb4 13. O-O bxc5 14. dxc5 Qxd1 15. Rfxd1 Be7 16. Nf4 O-O 17. a3 Nc2 18. Rac1 Nxe3 19. fxe3 Rfd8 20. Rxd8+ Rxd8 21. Kf2 Rc8 22. c6 Bxa3 23. Rc4 g6 24. g3 Kf8 25. Ne2 Bb2 26. Rc2 Be5 27. Rc4 f6 28. Nc1 f5 29. Nb3 Ke7 30. Na5 Bc7 31. Nb7 Bb6 32. Ke2 e5 33. Kd2 Ke6 34. Rc2 Kd5 35. Ra2 Kxc6 36. Na5+ Bxa5+ 37. Rxa5 Kb6 38. Rxe5 a5 39. Re6+ Rc6 40. Rxc6+ Kxc6 41. Kc3 Kc5 42. h4 a4 43. Kb2 Kb4 44. Ka2 Kc3 45. Ka3 Kd3 0-1

[Event "Lueneburg Open-A 2019"]
[Site "Lueneburg"]
[Date "2019.08.04"]
[Round "2.25"]
[White "Rempe, Janne"]
[Black "Klages, Hans Juergen"]
[Result "0-1"]
[ECO "A46"]
[WhiteElo "1594"]
[BlackElo "2095"]
[Annotator "NA"]
[PlyCount "70"]
[EventDate "2019.08.03"]
[EventType "swiss"]
[EventCountry "GER"]
[SourceTitle "playchess.com"]
[Source "ChessBase"]
[SourceQuality "1"]
[TimeControl "40/5400+30:1800+30"]

1. d4 c5 2. Nf3 cxd4 3. Nxd4 Nf6 4. Nc3 d5 5. Bf4 e6 6. e3 Bb4 7. Qd3 O-O 8. Be2 Nbd7 9. Nf3 Re8 10. Bg5 e5 11. Qd1 Qa5 12. O-O Bxc3 13. bxc3 Qxc3 14. Bb5 Qc5 15. Rb1 a6 16. Ba4 b5 17. Bb3 Bb7 18. h3 Ne4 19. Qe1 h6 20. Bh4 Nc3 21. Rc1 a5 22. Bxd5 Bxd5 23. Qd2 Bxf3 24. gxf3 Qc4 25. Kh2 Nxa2 26. Ra1 Qxh4 27. Qxd7 Nc3 28. Qd2 b4 29. Rg1 Rad8 30. Qe1 a4 31. Rg4 Qe7 32. Qg1 f6 33. Qg2 Rd1 34. Rxd1 Nxd1 35. Qf1 Rd8 0-1

[Event "Lueneburg Open-A 2019"]
[Site "Lueneburg"]
[Date "2019.08.04"]
[Round "2.26"]
[White "Chennaoui, Yasin"]
[Black "Indinger, Alexander"]
[Result "1-0"]
[ECO "A13"]
[WhiteElo "2092"]
[BlackElo "1764"]
[Annotator "NA"]
[PlyCount "51"]
[EventDate "2019.08.03"]
[EventType "swiss"]
[EventCountry "GER"]
[SourceTitle "playchess.com"]
[Source "ChessBase"]
[SourceQuality "1"]
[TimeControl "40/5400+30:1800+30"]

1. c4 e6 2. g3 d5 3. Bg2 Nf6 4. Nf3 dxc4 5. Qa4+ Bd7 6. Qxc4 c5 7. O-O Bc6 8. d3 Nbd7 9. Nbd2 Be7 10. b3 O-O 11. Bb2 Rc8 12. Rac1 Nd5 13. a3 b6 14. e4 N5f6 15. e5 Nd5 16. Qg4 Re8 17. Ne4 f5 18. exf6 Bxf6 19. Nxf6+ N7xf6 20. Qh4 Qe7 21. Rfe1 Nc7 22. d4 Bd5 23. dxc5 bxc5 24. Re5 Bxb3 25. Rexc5 Bd5 26. Be5 1-0

[Event "Lueneburg Open-A 2019"]
[Site "Lueneburg"]
[Date "2019.08.04"]
[Round "2.27"]
[White "Kort, Felix"]
[Black "Schulz, Daniel"]
[Result "0-1"]
[ECO "D70"]
[WhiteElo "1791"]
[BlackElo "2071"]
[Annotator "NA"]
[PlyCount "80"]
[EventDate "2019.08.03"]
[EventType "swiss"]
[EventCountry "GER"]
[SourceTitle "playchess.com"]
[Source "ChessBase"]
[SourceQuality "1"]
[TimeControl "40/5400+30:1800+30"]

1. d4 g6 2. c4 Nf6 3. f3 d5 4. cxd5 Nxd5 5. e4 Nb6 6. Nc3 Bg7 7. Be3 Nc6 8. Bb5 O-O 9. Nge2 Qd6 10. O-O Rd8 11. Bxc6 bxc6 12. Qd3 a5 13. Rfd1 Ba6 14. Qc2 Rab8 15. b3 Qb4 16. a3 Qd6 17. a4 Nd7 18. Bf4 e5 19. dxe5 Qc5+ 20. Nd4 Nxe5 21. Be3 Nxf3+ 22. gxf3 Bxd4 23. Bxd4 Rxd4 24. Rxd4 Qxd4+ 25. Kg2 Bd3 26. Qb2 Bc4 27. Rd1 Qf6 28. Qd2 Rxb3 29. Rc1 Be6 30. Qe3 Rb2+ 31. Ne2 Rxe2+ 32. Qxe2 Qg5+ 33. Kf2 Qxc1 34. Qd3 Qb2+ 35. Kg3 Qe5+ 36. f4 Qd6 37. Qc3 g5 38. Qxa5 Qxf4+ 39. Kg2 Qxe4+ 40. Kf2 Qf5+ 0-1

[Event "Lueneburg Open-A 2019"]
[Site "Lueneburg"]
[Date "2019.08.04"]
[Round "2.28"]
[White "Koellner, Christof"]
[Black "Kasipour Azbari, Seyed Arvin"]
[Result "1-0"]
[ECO "D00"]
[WhiteElo "2091"]
[BlackElo "1765"]
[Annotator "NA"]
[PlyCount "67"]
[EventDate "2019.08.03"]
[EventType "swiss"]
[EventCountry "GER"]
[SourceTitle "playchess.com"]
[Source "ChessBase"]
[SourceQuality "1"]
[TimeControl "40/5400+30:1800+30"]

1. d4 Nf6 2. Bg5 d5 3. e3 Bf5 4. Bxf6 exf6 5. Nf3 Bd6 6. c4 c6 7. Nc3 Be6 8. c5 Bc7 9. b4 O-O 10. Qc2 f5 11. Bd3 g6 12. g3 Nd7 13. O-O Nf6 14. Rfb1 Ne4 15. b5 Ng5 16. Be2 Nxf3+ 17. Bxf3 f4 18. Re1 fxg3 19. hxg3 f5 20. Kg2 Qg5 21. bxc6 bxc6 22. Ne2 h5 23. Qa4 f4 24. Qxc6 Qf5 25. Nxf4 Bxf4 26. exf4 Rae8 27. Re5 Qh3+ 28. Kg1 h4 29. Rg5 hxg3 30. fxg3 Kf7 31. Bg2 Qh8 32. Re5 Qf6 33. Rae1 Rh8 34. Bxd5 1-0

[Event "Lueneburg Open-A 2019"]
[Site "Lueneburg"]
[Date "2019.08.04"]
[Round "2.29"]
[White "von Estorff, Jacob"]
[Black "Kiesel, Lara"]
[Result "1-0"]
[ECO "B33"]
[WhiteElo "2055"]
[BlackElo "1571"]
[Annotator "NA"]
[PlyCount "83"]
[EventDate "2019.08.03"]
[EventType "swiss"]
[EventCountry "GER"]
[SourceTitle "playchess.com"]
[Source "ChessBase"]
[SourceQuality "1"]
[TimeControl "40/5400+30:1800+30"]

1. e4 c5 2. Nf3 Nc6 3. d4 cxd4 4. Nxd4 Nf6 5. Nc3 e5 6. Ndb5 d6 7. Bg5 a6 8. Na3 b5 9. Nd5 Be7 10. Bxf6 Bxf6 11. Be2 O-O 12. O-O Bg5 13. c3 f5 14. exf5 Bxf5 15. Nc2 Rf7 16. Nce3 Bxe3 17. Nxe3 Be6 18. a4 Rb8 19. axb5 axb5 20. Bf3 Na5 21. Bd5 Bxd5 22. Qxd5 Nc4 23. Ra7 Qf6 24. Nxc4 bxc4 25. Qxc4 Kf8 26. Ra6 g6 27. b4 Rd8 28. Qd5 e4 29. c4 Qf4 30. b5 Rf5 31. Qd4 Rh5 32. g3 Qe5 33. Rd1 Ke7 34. Ra7+ Rd7 35. Rxd7+ Kxd7 36. Qa7+ Ke6 37. Qe3 Rxh2 38. Kxh2 Qh5+ 39. Kg2 Qxd1 40. Qxe4+ Kd7 41. Qc6+ Ke7 42. b6 1-0

[Event "Lueneburg Open-A 2019"]
[Site "Lueneburg"]
[Date "2019.08.04"]
[Round "2.32"]
[White "Darpan, Inani"]
[Black "Comes, Bruno"]
[Result "1/2-1/2"]
[ECO "C42"]
[WhiteElo "1956"]
[BlackElo "2165"]
[Annotator "NA"]
[PlyCount "59"]
[EventDate "2019.08.03"]
[EventType "swiss"]
[EventCountry "GER"]
[SourceTitle "playchess.com"]
[Source "ChessBase"]
[SourceQuality "1"]
[TimeControl "40/5400+30:1800+30"]

1. e4 e5 2. Nf3 Nf6 3. Nxe5 d6 4. Nf3 Nxe4 5. Qe2 Qe7 6. d3 Nf6 7. Bg5 Be6 8. Nc3 h6 9. Bxf6 Qxf6 10. d4 c6 11. d5 cxd5 12. O-O-O Be7 13. Qb5+ Nd7 14. Nxd5 Bxd5 15. Rxd5 Rd8 16. Rf5 Qg6 17. Bd3 O-O 18. Rxf7 Qxg2 19. Rg1 Bg5+ 20. Kb1 Qxg1+ 21. Nxg1 Kxf7 22. Qd5+ Ke7 23. Bf5 Rf7 24. h4 Bf4 25. Nf3 Be5 26. Bxd7 Rxd7 27. Nxe5 dxe5 28. Qxe5+ Kf8 29. Qb8+ Ke7 30. Qe5+ 1/2-1/2

[Event "Lueneburg Open-A 2019"]
[Site "Lueneburg"]
[Date "2019.08.04"]
[Round "2.33"]
[White "Wozny, Michael"]
[Black "Ische, Helmut"]
[Result "1-0"]
[ECO "A37"]
[WhiteElo "1942"]
[BlackElo "1662"]
[Annotator "NA"]
[PlyCount "111"]
[EventDate "2019.08.03"]
[EventType "swiss"]
[EventCountry "GER"]
[SourceTitle "playchess.com"]
[Source "ChessBase"]
[SourceQuality "1"]
[TimeControl "40/5400+30:1800+30"]

1. c4 c5 2. g3 Nc6 3. Bg2 g6 4. Nf3 Bg7 5. O-O e6 6. Nc3 Nge7 7. d3 O-O 8. Bf4 Bxc3 9. bxc3 d5 10. cxd5 exd5 11. Qc2 d4 12. Bd2 Nf5 13. e4 dxe3 14. fxe3 Re8 15. Rae1 Be6 16. e4 Ng7 17. Be3 b6 18. Rf2 Rc8 19. Qb1 f5 20. Ng5 Ne5 21. Rd2 Bd7 22. Nf3 Ng4 23. Bg5 Qc7 24. Bf4 Qd8 25. h3 Ne6 26. hxg4 Nxf4 27. gxf4 fxg4 28. Ne5 Be6 29. Rf1 Kg7 30. Qe1 h5 31. Nxg6 Kxg6 32. f5+ Bxf5 33. exf5+ Kh6 34. Qf2 Qf6 35. Be4 Rcd8 36. Re2 Re7 37. Qf4+ Kg7 38. Rh2 Rh8 39. Rg2 Kf8 40. Bd5 Rd7 41. c4 Rhh7 42. Re1 Rhe7 43. Qb8+ Kg7 44. Qg8+ Kh6 45. Rxe7 Rxe7 46. Qg6+ Qxg6 47. fxg6 Kxg6 48. Be4+ Kg5 49. Rf2 h4 50. Rf5+ Kh6 51. Kg2 Rg7 52. a4 Rg8 53. a5 Rb8 54. a6 Rg8 55. Rf6+ Kg5 56. Rf7 1-0

[Event "Lueneburg Open-A 2019"]
[Site "Lueneburg"]
[Date "2019.08.04"]
[Round "2.34"]
[White "Weishaeutel, Moritz"]
[Black "Schulze, Lukas"]
[Result "1-0"]
[ECO "B72"]
[WhiteElo "2276"]
[BlackElo "1724"]
[Annotator "NA"]
[PlyCount "119"]
[EventDate "2019.08.03"]
[EventType "swiss"]
[EventCountry "GER"]
[SourceTitle "playchess.com"]
[Source "ChessBase"]
[SourceQuality "1"]
[TimeControl "40/5400+30:1800+30"]

1. e4 c5 2. Nf3 d6 3. d4 cxd4 4. Nxd4 Nf6 5. Nc3 g6 6. Be3 Bg7 7. Be2 Nc6 8. Qd2 O-O 9. O-O-O d5 10. exd5 Nxd5 11. Nxc6 bxc6 12. Nxd5 cxd5 13. Qxd5 Qc7 14. Qxa8 Bf5 15. Qxf8+ Kxf8 16. Rd2 Be5 17. Bh6+ Bg7 18. Bxg7+ Kxg7 19. g3 Qc6 20. f3 Qc5 21. Rhd1 Qf2 22. g4 Be6 23. Bc4 Qxf3 24. Bxe6 fxe6 25. Rd7 Kf7 26. b3 Qf4+ 27. Kb1 a6 28. h3 Qf3 29. R1d3 Qf1+ 30. Kb2 Qf6+ 31. Ka3 Qg5 32. c3 a5 33. Ka4 Qc1 34. R7d4 Qb2 35. a3 Qc2 36. Rf3+ Ke8 37. Re3 e5 38. Rde4 Qg2 39. c4 Kf8 40. Rxe5 Qa8 41. Rxe7 Qc6+ 42. Kxa5 Qc5+ 43. Ka4 Qc6+ 44. Kb4 Qb6+ 45. Kc3 Qa5+ 46. Kd4 Qd2+ 47. Kc5 Qa5+ 48. Kd6 Qd8+ 49. Kc6 Qa8+ 50. Kb6 Qd8+ 51. Kb7 Qd6 52. g5 Qxa3 53. Re8+ Kf7 54. R3e7+ Qxe7+ 55. Rxe7+ Kxe7 56. c5 Ke6 57. c6 Ke5 58. c7 Ke4 59. c8=Q Ke3 60. Qg4 1-0

[Event "Lueneburg Open-A 2019"]
[Site "Lueneburg"]
[Date "2019.08.04"]
[Round "2.35"]
[White "Andersen, Jens Knud"]
[Black "Lu, Siyuan"]
[Result "1-0"]
[ECO "D08"]
[WhiteElo "2141"]
[BlackElo "1711"]
[Annotator "NA"]
[PlyCount "48"]
[EventDate "2019.08.03"]
[EventType "swiss"]
[EventCountry "GER"]
[SourceTitle "playchess.com"]
[Source "ChessBase"]
[SourceQuality "1"]
[TimeControl "40/5400+30:1800+30"]

1. Nf3 Nc6 2. d4 d5 3. c4 e5 4. dxe5 d4 5. a3 Bg4 6. Nbd2 Nge7 7. g3 Qd7 8. Bg2 Ng6 9. h3 Bxf3 10. Nxf3 O-O-O 11. Qa4 d3 12. exd3 Qxd3 13. Be3 Ngxe5 14. Nxe5 Nxe5 15. Qxa7 Qxc4 16. Qxb7+ Kd7 17. Bf1 Qe6 18. Bb5+ Ke7 19. Qxc7+ Nd7 20. O-O-O Ke8 21. Rxd7 Rxd7 22. Rd1 Ke7 23. Rxd7+ Kf6 24. Qf4+ Qf5 1-0

[Event "Lueneburg Open-A 2019"]
[Site "Lueneburg"]
[Date "2019.08.04"]
[Round "2.36"]
[White "Kroencke, Manfred"]
[Black "Doederlein, Etienne"]
[Result "1-0"]
[ECO "B13"]
[WhiteElo "2047"]
[BlackElo "1868"]
[Annotator "NA"]
[PlyCount "53"]
[EventDate "2019.08.03"]
[EventType "swiss"]
[EventCountry "GER"]
[SourceTitle "playchess.com"]
[Source "ChessBase"]
[SourceQuality "1"]
[TimeControl "40/5400+30:1800+30"]

1. e4 c6 2. d4 d5 3. exd5 cxd5 4. Bd3 Nc6 5. c3 Nf6 6. Bf4 Bg4 7. Qb3 Qc8 8. Nd2 e6 9. Ngf3 Bh5 10. h3 Be7 11. O-O Bg6 12. Bxg6 hxg6 13. Ne5 O-O 14. Rfe1 Nd7 15. Ng4 Nf6 16. Qd1 Rd8 17. Qf3 Nxg4 18. Qxg4 Bd6 19. Nf3 Bxf4 20. Qxf4 Qb8 21. Qh4 Qd6 22. Ng5 Ne7 23. Qh7+ Kf8 24. Re3 Nf5 25. Rae1 Qf4 26. Rxe6 Qd6 27. R6e3 1-0

[Event "Lueneburg Open-A 2019"]
[Site "Lueneburg"]
[Date "2019.08.04"]
[Round "2.37"]
[White "Guo, Jacob Tingshen"]
[Black "Anderberg, Peter"]
[Result "0-1"]
[ECO "D24"]
[WhiteElo "1360"]
[BlackElo "2014"]
[Annotator "NA"]
[PlyCount "50"]
[EventDate "2019.08.03"]
[EventType "swiss"]
[EventCountry "GER"]
[SourceTitle "playchess.com"]
[Source "ChessBase"]
[SourceQuality "1"]
[TimeControl "40/5400+30:1800+30"]

1. d4 Nf6 2. c4 e6 3. Nc3 d5 4. Nf3 c5 5. Bg5 dxc4 6. e3 Nc6 7. dxc5 Qa5 8. Bxf6 gxf6 9. Bxc4 Qxc5 10. Bb3 Bd7 11. O-O O-O-O 12. Ne4 Qe7 13. Qc2 f5 14. Ng3 h5 15. h3 Kb8 16. Rfd1 Bg7 17. Rac1 h4 18. Ne2 Rhg8 19. Kh1 Rc8 20. Qd3 Rgd8 21. Qb1 Bf6 22. Nc3 Na5 23. Ba4 Rxc3 24. Bxd7 Rxc1 25. Rxc1 Qxd7 0-1

[Event "Lueneburg Open-A 2019"]
[Site "Lueneburg"]
[Date "2019.08.06"]
[Round "4.1"]
[White "Colpe, Malte"]
[Black "Ovsejevitsch, Sergei"]
[Result "1/2-1/2"]
[ECO "E01"]
[WhiteElo "2367"]
[BlackElo "2590"]
[Annotator "ChessBase"]
[PlyCount "52"]
[EventDate "2019.08.03"]
[EventType "swiss"]
[EventCountry "GER"]
[SourceTitle "playchess.com"]
[Source "ChessBase"]
[SourceQuality "1"]
[TimeControl "40/5400+30:1800+30"]

1. d4 Nf6 2. c4 e6 3. g3 d5 4. Bg2 Bb4+ 5. Bd2 Bd6 6. Nc3 c6 7. e4 Nxe4 8. Nxe4 dxe4 9. Bxe4 Nd7 10. Nf3 Nf6 11. Bc2 b6 12. Qe2 Qc7 13. Bc3 Ba6 14. Bd3 O-O-O 15. O-O-O c5 16. dxc5 Bxc5 17. Rhe1 Rxd3 18. Qxd3 Bxf2 19. Bxf6 gxf6 20. Re4 f5 21. Rf4 Bc5 22. Qc3 Re8 23. b4 Bf8 24. Kb2 Bb7 25. Kb3 a5 26. a3 Be4 1/2-1/2

[Event "Lueneburg Open-A 2019"]
[Site "Lueneburg"]
[Date "2019.08.06"]
[Round "4.6"]
[White "Wachinger, David"]
[Black "Sriram, Jha"]
[Result "1-0"]
[ECO "D94"]
[WhiteElo "2045"]
[BlackElo "2381"]
[Annotator "NA"]
[PlyCount "115"]
[EventDate "2019.08.03"]
[EventType "swiss"]
[EventCountry "GER"]
[SourceTitle "playchess.com"]
[Source "ChessBase"]
[SourceQuality "1"]
[TimeControl "40/5400+30:1800+30"]

1. d4 d5 2. c4 c6 3. Nf3 Nf6 4. Nc3 a6 5. e3 g6 6. Bd3 Bg7 7. O-O O-O 8. Qb3 e6 9. Bd2 Nbd7 10. Rfd1 Re8 11. Be1 Qe7 12. h3 dxc4 13. Bxc4 b5 14. Be2 c5 15. a4 b4 16. Nb1 a5 17. Nbd2 Bb7 18. Rac1 cxd4 19. Nxd4 Nc5 20. Qa2 Nfd7 21. Bb5 Bxd4 22. exd4 Bd5 23. b3 Nb7 24. Nc4 Rad8 25. Bd2 Qh4 26. Be3 Rf8 27. Qd2 f6 28. Bf4 Rf7 29. Bg3 Qh5 30. Qe3 Nf8 31. Nb6 Nd6 32. Be2 Qf5 33. Nxd5 exd5 34. Bg4 Qe4 35. Qd2 Qe7 36. Bxd6 Qxd6 37. Rc5 Qb6 38. Rdc1 f5 39. Bf3 Ne6 40. Bxd5 Nxc5 41. dxc5 Qf6 42. Bxf7+ Kxf7 43. Qf4 Rc8 44. Qc4+ Qe6 45. c6 Qxc4 46. Rxc4 Ke6 47. Rc5 Ra8 48. c7 Kd7 49. g4 fxg4 50. hxg4 Kc8 51. g5 Ra7 52. Kg2 Rxc7 53. Rxc7+ Kxc7 54. Kf3 Kd6 55. Ke4 Ke6 56. f4 Kd6 57. Kd4 Kc6 58. Kc4 1-0

[Event "Lueneburg Open-A 2019"]
[Site "Lueneburg"]
[Date "2019.08.06"]
[Round "4.7"]
[White "Andersen, Jens Knud"]
[Black "Feuerstack, Aljoscha"]
[Result "0-1"]
[ECO "B14"]
[WhiteElo "2141"]
[BlackElo "2441"]
[Annotator "NA"]
[PlyCount "136"]
[EventDate "2019.08.03"]
[EventType "swiss"]
[EventCountry "GER"]
[SourceTitle "playchess.com"]
[Source "ChessBase"]
[SourceQuality "1"]
[TimeControl "40/5400+30:1800+30"]

1. d4 d5 2. Nf3 Nf6 3. e3 c5 4. c4 cxd4 5. exd4 g6 6. Nc3 Bg7 7. Bg5 Ne4 8. Be3 Nxc3 9. bxc3 O-O 10. cxd5 Qxd5 11. Qb3 Qa5 12. Bc4 Nc6 13. O-O Qc7 14. Bd5 Bf5 15. Rfd1 Na5 16. Qa4 Rad8 17. Bb3 Bg4 18. Rac1 b6 19. d5 Bxf3 20. gxf3 Rc8 21. c4 Bb2 22. Rc2 Be5 23. h3 Bf4 24. Bd4 Rfd8 25. Re2 Bd6 26. Rde1 Qd7 27. Qxd7 Rxd7 28. Ba4 Rdc7 29. Bb5 Nxc4 30. Ba6 Ra8 31. Rc1 Ne5 32. Rxc7 Nxf3+ 33. Kg2 Nxd4 34. Rexe7 Bxe7 35. Rxe7 Kf8 36. Rb7 Rd8 37. Bc4 Rc8 38. Ba6 Rd8 39. Bc4 Rc8 40. Ba6 Rc5 41. d6 Ne6 42. Rxa7 Rg5+ 43. Kf3 Ra5 44. Ra8+ Kg7 45. Bb7 Kf6 46. Rxa5 bxa5 47. Ke3 Ke5 48. d7 Kd6 49. Bc8 f5 50. h4 h6 51. f4 h5 52. Kf3 Ke7 53. Ke3 Kd8 54. a4 Kc7 55. Kd3 Nxf4+ 56. Kd4 Ne6+ 57. Kd5 Nf8 58. d8=Q+ Kxd8 59. Ba6 Nd7 60. Kd6 f4 61. Bd3 f3 62. Bxg6 f2 63. Bd3 Nb6 64. Kc6 Nxa4 65. Kb5 Nb2 66. Be2 a4 67. Kb4 Ke7 68. Ka3 Nd1 0-1